 Dungeon Crawl Stone Soup version 0.25-a0-857-g60a0bcd8b5 (webtiles) character file.

Game seed: 1710043345669761070, levelgen mode: deterministic

14 unvid the Slasher (level 2, -5/24 HPs)
             Began as a Demonspawn Chaos Knight on Apr 26, 2020.
             Was a Plaything of Xom.
             Slain by an unseen horror (shapeshifter) (7 damage)
             ... on level 1 of the Dungeon.
             The game lasted 00:00:56 (697 turns).

unvid the Slasher (Demonspawn Chaos Knight)          Turns: 697, Time: 00:00:57

Health: -5/24      AC:  8    Str: 12    XL:     2   Next: 31%
Magic:  2/2        EV: 11    Int: 13    God:    Xom [..*...]
Gold:   58         SH:  0    Dex: 12    Spells: 1/1 levels left

rFire    . . .     SeeInvis .   a - +0 falchion (chaos)
rCold    . . .     Gourm    .   (no shield)
rNeg     . . .     Faith    .   b - +2 leather armour
rPois    .         Spirit   .   (no helmet)
rElec    .         Reflect  .   f - +0 cloak
rCorr    .         Harm     .   (no gloves)
MR       .....                  (no boots)
Stlth    +.........             (no amulet)
HPRegen  0.08/turn              (no ring)
MPRegen  0.08/turn              (no ring)

@: no status effects
A: slimy green scales 1
a: Renounce Religion


You were on level 1 of the Dungeon.
You worshipped Xom.
You were a toy of Xom.
You were not hungry.

You visited 1 branch of the dungeon, and saw 1 of its levels.

You collected 58 gold pieces.

Inventory:

Hand Weapons
 a - a +0 falchion of chaos (weapon)
Missiles
 l - 8 atropa-tipped darts (quivered)
Armour
 b - a +2 leather armour (worn)
 f - a +0 cloak (worn)
Scrolls
 d - a scroll of remove curse {unknown}
 e - a scroll of identify {unknown}
 h - a scroll of enchant weapon {unknown}
 k - a scroll of teleportation {unknown}
Potions
 g - 2 potions of magic {unknown}
 i - a potion of curing {unknown}
 j - a potion of heal wounds {unknown}
Comestibles
 c - 2 rations


   Skills:
 - Level 3.0 Fighting
 + Level 3.4 Long Blades
 - Level 1.7 Armour
 - Level 0.8 Dodging


You had one spell level left.
You didn't know any spells.
Your spell library was empty.

Dungeon Overview and Level Annotations

Branches:
Dungeon (1/15)

Altars:


Innate Abilities, Weirdness & Mutations

You are partially covered in slimy green scales. (AC +2)


Message History

The shapeshifter changes into a troll!
You closely miss the troll.
A troll is nearby!
You see here 26 bolts.
Xom snickers.
Your cloak billows in an unfelt wind.
Xom makes a sudden noise!
You hear a crunching sound.
The troll changes into something you cannot see!
You see here a frilled lizard corpse.
Something hits you.
Deactivating autopickup; reactivate with Ctrl-A.
Something hits you but does no damage.
You barely miss something. Something hits you. x3
You miss something. Something hits you but does no damage. Something hits you.
Something hits you!
* * * LOW HITPOINT WARNING * * *
Xom roars with laughter!
You see here a frilled lizard corpse.
Something hits you!
You die...

#.# ### #.# ..# #.#
#.# ### #.#
#.######.# ..#
#.#####.#.(.)..#
..###.......#.######
............#.#....#
..#########.#.#†##.#
#.# #.#.#.@#.# #.#
#.#.##.#.# ..#
#.#....#.# ###
#.######.#
#........#
##########


There were no monsters in sight!

Vanquished Creatures
  2 bats (D:1)
  A giant cockroach (D:1)
  4 goblins (D:1)
  3 kobolds (D:1)
  A ball python (D:1)
  A frilled lizard (D:1)
  A rat (D:1)
  A plant (D:1)
14 creatures vanquished.

Notes
Turn   | Place    | Note
-------+----------+-------------------------------------------
     0 | D:1      | unvid the Demonspawn Chaos Knight began the quest for the
                  | Orb.
     0 | D:1      | Reached XP level 1. HP: 18/18 MP: 1/1
   335 | D:1      | XOM: silly message
   383 | D:1      | Gained mutation: You are partially covered in slimy green
                  | scales. (AC +2) [demonic ancestry]
   383 | D:1      | Reached XP level 2. HP: 24/24 MP: 2/2
   555 | D:1      | XOM: silly message
   679 | D:1      | Noticed a shapeshifter
   679 | D:1      | a hobgoblin changed into a shapeshifter
   679 | D:1      | Noticed a troll
   679 | D:1      | a shapeshifter changed into a troll
   682 | D:1      | XOM: silly message
   689 | D:1      | XOM: noise
   691 | D:1      | a troll changed into something unseen
   696 | D:1      | HP: 1/24 [something (11)]
   697 | D:1      | Slain by an unseen horror (shapeshifter)

Levels and vault maps discovered:
D:1:      roderic_crop_circles_arrival_small, layout_basic,
          hangedman_decor_peaks_small, moated_statue, patterned_corridor

Skill      XL: |  1 |
---------------+----+-----
Long Blades    | 3 |  3.4
Fighting       | |  3.0
Armour         | |  1.7
Dodging        | |  0.8

Action                   || total
-------------------------++-------
Melee: Falchion          ||    66
 Stab: Sleeping          ||     2
Armor: Leather armour    ||    23
Dodge: Dodged            ||    26
       Rpst.: Falchion   ||     9

Table legend:
 A = Non-vault XP
 B = Vault XP
 C = Vault XP percentage of total XP
 D = Non-vault monster count
 E = Vault monster count
 F = Vault count percentage of total count
                 A         B        C        D         E       F
            +---------+---------+-------+---------+---------+-------
      Total |      21 |       0 |   0.0 |      13 |       0 |   0.0
            +---------+---------+-------+---------+---------+-------
        D:1 |      21 |       0 |   0.0 |      13 |       0 |   0.0
            +---------+---------+-------+---------+---------+-------
